Map: Ley Lines

Players

KimChiLoVer - Winner!

  • Race: Terran Terran
  • League: Diamond
  • Spawn Location: 7:00

VOD

Have the link to the VOD?

Description

Time

  • Played on: Aug. 20, 2025, 9:41 p.m.
  • Length: 10:17
Show
View Real Time Build Order
Export as new Build Order

KimChiLoVer Terran - Winner!

Build Orders: Reaper Expand 

Get SALT Encoding   

  12  0:02  SCV  
  12  0:14  SCV  
  12  0:18  Supply Depot  
  12  0:26  SCV  
  12  0:40  Barracks, SCV  
  12  0:45  Refinery  
  12  0:52  SCV  
  12  1:04  SCV  
  12  1:16  SCV  
  12  1:28  Orbital Command  
  12  1:30  Reaper  
  12  1:40  Command Center  
  12  1:53  Supply Depot  
  12  1:54  SCV  
  12  2:02  Marine  
  12  2:08  Factory  
  12  2:10  Refinery, SCV  
  12  2:22  SCV  
  12  2:23  Barracks Reactor  
  12  2:31  Barracks  
  12  2:34  SCV  
  12  2:41  Barracks  
  12  2:46  SCV  
  12  2:52  Factory Tech Lab  
  12  2:55  Orbital Command  
  12  2:58  SCV  
  12  3:02  Marine x2  
  12  3:11  SCV  
  12  3:23  SCV  
  12  3:31  Command Center  
  12  3:32  Marine  
  12  3:33  Marine  
  12  3:35  SCV  
  12  3:39  Stimpack  
  12  3:41  Marine  
  12  3:47  SCV x2  
  12  3:50  Factory Reactor  
  12  3:56  Starport  
  12  3:59  SCV x2  
  12  4:06  Engineering Bay  
  12  4:09  Engineering Bay  
  12  4:11  SCV  
  12  4:12  SCV  
  12  4:13  Marine x2  
  12  4:23  Supply Depot, Marine  
  12  4:24  Marine, SCV  
  12  4:34  Terran Infantry Weapons Level 1  
  12  4:35  Terran Infantry Armor Level 1  
  12  4:42  Marine x2, SCV  
  12  4:46  Orbital Command  
  12  4:47  Marine  
  12  4:48  Factory Tech Lab  
  12  4:49  Medivac  
  12  4:50  Medivac  
  12  4:54  Refinery, SCV  
  12  5:02  Supply Depot  
  12  5:07  Barracks  
  12  5:11  Barracks  
  12  5:14  Supply Depot  
  12  5:16  SCV x3  
  12  5:22  Barracks Tech Lab  
  12  5:24  Marine x2  
  12  5:28  SCV x2  
  12  5:31  Armory  
  12  5:37  Refinery  
  12  5:40  SCV x2  
  12  5:42  Marine, Orbital Command  
  12  5:43  Combat Shield  
  12  5:45  Concussive Shells  
  12  5:51  Siege Tank  
  12  5:52  SCV  
  12  5:59  Marine, Barracks Reactor  
  12  6:00  Marine x3  
  12  6:02  SCV  
  12  6:04  SCV  
  12  6:09  SCV  
  12  6:10  Medivac  
  12  6:12  Medivac  
  12  6:14  SCV  
  12  6:16  SCV  
  12  6:21  SCV, Barracks Tech Lab  
  12  6:23  Marine x2  
  12  6:24  Marine  
  12  6:28  SCV  
  12  6:31  SCV  
  12  6:33  SCV  
  12  6:36  Command Center  
  12  6:37  Supply Depot, Terran Infantry Weapons Level 2  
  12  6:38  Terran Infantry Armor Level 2  
  12  6:44  Supply Depot  
  12  6:45  Marine x4  
  12  6:54  Supply Depot  
  12  6:59  SCV  
  12  7:00  Barracks x2  
  12  7:06  Barracks  
  12  7:07  Supply Depot  
  12  7:08  Marine x2  
  12  7:09  Marauder x2  
  12  7:13  Siege Tank  
  12  7:17  SCV x3  
  12  7:26  Marine x2  
  12  7:29  SCV x2  
  12  7:30  Supply Depot x2  
  12  7:32  Marine x2, Terran Vehicle And Ship Armor Level 1  
  12  7:33  Marauder  
  12  7:35  Medivac x2  
  12  7:39  Supply Depot  
  12  7:45  Starport  
  12  7:46  SCV  
  12  7:47  Factory  
  12  7:48  Refinery  
  12  7:49  SCV  
  12  7:50  SCV x2  
  12  7:52  Refinery, Barracks Reactor  
  12  7:53  Marine  
  12  7:54  Marine x2  
  12  7:57  Supply Depot  
  12  8:03  Siege Tank  
  12  8:10  SCV  
  12  8:11  SCV x2  
  12  8:14  Supply Depot  
  12  8:16  Supply Depot  
  12  8:18  Marauder x2  
  12  8:19  Barracks Tech Lab  
  12  8:20  Barracks Tech Lab  
  12  8:21  Marine, Medivac, Marauder  
  12  8:22  SCV  
  12  8:27  Planetary Fortress  
  12  8:29  Missile Turret  
  12  8:32  SCV x2  
  12  8:34  SCV  
  12  8:39  Supply Depot  
  12  8:44  SCV  
  12  8:45  Marine x2, Marauder  
  12  8:46  Marine x2, Marauder  
  12  8:47  Starport Reactor  
  12  8:48  Factory Reactor  
  12  8:51  Factory Tech Lab  
  12  8:52  Siege Tank  
  12  8:54  Viking x2  
  12  9:12  Supply Depot  
  12  9:23  Marine x7, Marauder x2  
  12  9:24  Command Center  
  12  9:27  Marine x2  
  12  9:41  Marine x5  
  12  9:45  Siege Tank  
  12  9:54  Marine x5  
  12  9:55  Marine  
  12  9:58  Marine  
  12  9:59  Marine x3  
Tags
 
Add a new tag
Caveats
  • Supply blocks, unpowered buildings, or Contaminate may cause inaccurate times.
  • Supply counts are checked every 10 seconds.